 Dungeon Crawl Stone Soup version 0.31-a0-986-g5e6e4ef867 (webtiles) character file.

Game seed: 6849711348318292250

2660 strifetoe the Severer (level 9, -1/70 HPs)
             Began as a Minotaur Monk on Nov 17, 2023.
             Was an Initiate of Gozag.
             Succumbed to a gnoll's poison
             ... on level 7 of the Dungeon.
             The game lasted 00:08:37 (7501 turns).

strifetoe the Severer (Minotaur Monk)               Turns: 7501, Time: 00:08:38

Health: -1/70      AC: 11    Str: 21    XL:     9   Next: 36%
Magic:  17/17      EV:  9    Int:  7    God:    Gozag
Gold:   535        SH:  0    Dex: 12    Spells: 8/8 levels left

rFire   . . .        k - +0 war axe
rCold   . . .        d - orb {light}
rNeg    . . .        o - +0 chain mail
rPois   .            (helmet restricted)
rElec   .            A - +0 cloak
rCorr   .            (no gloves)
SInv    +            j - +1 pair of boots
Will    .....        (no amulet) Stlth
                     q - ring of magical power
HPRegen 0.31/turn    y - ring of see invisible
MPRegen 0.15/turn

%: no passive effects
@: lethally poisoned (-1 -> -15), gold aura, glowing
A: horns 2, retaliatory headbutt
a: Renounce Religion, Potion Petition, Call Merchant, Bribe Branch


You were on level 7 of the Dungeon.
You worshipped Gozag.
Gozag was pleased with you.
You visited 2 branches of the dungeon, and saw 8 of its levels.
You also visited: Sewer.

You collected 535 gold pieces.

Inventory:

Hand Weapons
 a - a +0 hand axe
 k - a +0 war axe (weapon)
Missiles
 v - a throwing net
Armour
 b - a +0 robe
 d - an orb of light (worn)
 j - a +1 pair of boots (worn)
 o - a +0 chain mail (worn)
 A - a +0 cloak (worn)
Jewellery
 q - a ring of magical power (left hand)
 y - a ring of see invisible (right hand)
Scrolls
 f - a scroll of amnesia
 h - a scroll of identify
 i - a scroll of noise {unknown}
 m - a scroll of fog
 z - 2 scrolls of immolation
Potions
 l - a potion of enlightenment
 n - 5 potions of magic
 p - a potion of attraction
 r - a potion of mutation
 u - a potion of brilliance {unknown}
 w - a potion of invisibility {unknown}


   Skills:
 - Level 3.6 Fighting
 + Level 15.4 Axes
 - Level 3.2 Dodging


You had 8 spell levels left.
You didn't know any spells.
Your spell library contained the following spells:

 Spells                   Type           Power      Damage    Failure   Level
 Cigotuvi's Dreadful Rot  Necr/Pois/Air  0%         N/A       99%         2
 Poisonous Vapours        Pois/Air       0%         N/A       99%         2
 Mephitic Cloud           Conj/Pois/Air  0%         N/A       100%        3
 Dispel Undead            Necr           0%         3d6       100%        4
 Freezing Cloud           Conj/Ice/Air   0%         6-21      100%        5
 Death Channel            Necr           0%         N/A       100%        6


Dungeon Overview and Level Annotations

Branches:
Dungeon (7/15)             Temple (1/1) D:7           Sewer (visited)

Altars:
Ashenzari
Cheibriados
Dithmenos
Fedhas
Gozag
Hepliaklqana
Makhleb
Nemelex Xobeh
Okawaru
Qazlal
Sif Muna
Trog
Vehumet
Wu Jian
Xom
Yredelemnul
Zin
The Shining One

Shops:
D:6 *

Annotations:
D:4 3 runed translucent doors, mandarbmax's ghost, amateur VSBr


Innate Abilities, Weirdness & Mutations

You have a pair of horns on your head.
You reflexively headbutt those who attack you in melee.


Message History

You are too injured to fight recklessly!
Unknown command.
Unknown command.
You are too injured to fight recklessly!
Unknown command.
You hit the gnoll. You headbutt the gnoll.
You kill the gnoll!
You hit the ogre.
You feel very sick. The ogre barely misses you. You furiously retaliate!
You headbutt the ogre.
The gnoll hits you from afar with a +0 spear.
Unknown command.
You feel very sick. The gnoll hits you but does no damage.
The gnoll barely misses you. You furiously retaliate!
You headbutt the gnoll! The gnoll hits you but does no damage.
The gnoll bouda barely misses you.
Things that are here:
13 gold pieces; a +0 whip; a +0 spear Unknown command.
You hit the gnoll but do no damage. You headbutt the gnoll!
The gnoll is severely wounded.
You hit the gnoll. You hit the gnoll bouda. You hit the ogre but do no damage.
You feel sick.
The ogre hits you with a +0 giant spiked club!!
* * * LOW HITPOINT WARNING * * *
The gnoll hits you but does no damage.
You are more poisoned.
Unknown command.
You barely miss the gnoll bouda. You headbutt the gnoll bouda!
The gnoll bouda is severely wounded.
You slash the ogre!
You kill the ogre!
You slash the gnoll!
You kill the gnoll!
You completely miss the gnoll.
* * * LOW HITPOINT WARNING * * *
You feel very sick. The gnoll barely misses you.
You die...
Your body crumbles into a pile of gold.

...# #..### .
##..># ..####
##..# .....
#)###....
#...#...
#...#..#
#...#..#
#$'##..#
#$$$@g.#
#..gg.......
#...........
P............
♣......#+##...
♣.P.....# ..
♣.♣P...PP# .
♣♣.......#


You could see a gnoll bouda (swift) and 2 gnolls.

Vanquished Creatures
  Joseph (D:7)
  2 steam dragons (D:6)
  A water moccasin (D:4)
  An ice beast (D:5)
  2 sky beasts
  A black bear (D:5)
  3 ogres
  A phantom (D:5)
  2 kobold brigands (Sewer)
  3 scorpions
  3 wights (D:7)
  A killer bee (D:5)
  A howler monkey (D:5)
  A jelly (D:6)
  A hound (D:5)
  3 gnoll boudas (D:7)
  Crazy Yiuf (D:5)
  3 iguanas
  2 sleepcaps
  An orc wizard (D:6)
  11 adders
  19 gnolls
  A river rat (Sewer)
  A white imp (D:7)
  A dart slug (D:1)
  2 worms (D:2)
  8 orcs
  7 endoplasms
  16 giant cockroaches
  7 goblins
  5 hobgoblins
  4 jackals (Sewer)
  8 kobolds
  A quokka (D:2)
  11 ball pythons
  4 bats
  4 frilled lizards
  5 rats
149 creatures vanquished.

Notes
Turn   | Place    | Note
-------+----------+-------------------------------------------
     0 | D:1      | strifetoe the Minotaur Monk began the quest for the Orb.
     0 | D:1      | Reached XP level 1. HP: 19/19 MP: 0/0
   109 | D:1      | Reached skill level 4 in Axes
   248 | D:1      | Reached XP level 2. HP: 26/26 MP: 1/1
   921 | D:2      | Reached skill level 5 in Axes
   921 | D:2      | Reached XP level 3. HP: 18/31 MP: 2/2
  1388 | D:2      | Reached skill level 6 in Axes
  1388 | D:2      | Reached XP level 4. HP: 39/39 MP: 3/3
  1841 | D:3      | Found a glowing drain.
  1856 | D:3      | Found a glowing golden altar of the Shining One.
  1875 | Sewer    | Entered a sewer
  1913 | Sewer    | Noticed a kobold brigand
  1923 | Sewer    | Killed a kobold brigand
  1924 | Sewer    | Reached skill level 7 in Axes
  1924 | Sewer    | Reached XP level 5. HP: 35/45 MP: 4/4
  2280 | Sewer    | Reached skill level 8 in Axes
  2280 | Sewer    | Reached XP level 6. HP: 36/51 MP: 5/5
  2779 | D:3      | Found a bloodstained altar of Trog.
  2984 | D:3      | Found a broken altar of Ashenzari.
  2990 | D:3      | Found a glowing silver altar of Zin.
  3002 | D:3      | Found a radiant altar of Vehumet.
  3436 | D:4      | Reached skill level 9 in Axes
  3442 | D:4      | Noticed a water moccasin
  3449 | D:4      | Killed a water moccasin
  3450 | D:4      | Reached XP level 7. HP: 39/57 MP: 6/6
  3776 | D:4      | Noticed mandarbmax's ghost (amateur VSBr)
  3777 | D:4      | Found a runed translucent gate.
  3777 | D:4      | Found a runed translucent gate.
  3778 | D:4      | Found a runed translucent gate.
  4087 | D:5      | Entered Level 5 of the Dungeon
  4109 | D:5      | Reached skill level 10 in Axes
  4124 | D:5      | Identified the staff of Xygibaum {rPois rN+ Poison}
  4270 | D:5      | Found a shadowy altar of Dithmenos.
  4430 | D:5      | Reached skill level 11 in Axes
  4522 | D:5      | Reached XP level 8. HP: 54/64 MP: 7/7
  4650 | D:5      | Found a runed translucent door.
  4651 | D:5      | Noticed Crazy Yiuf
  4812 | D:5      | Killed Crazy Yiuf
  5198 | D:5      | Reached skill level 12 in Axes
  5254 | D:6      | HP: 2/64 [steam dragon (3)]
  5416 | D:6      | Found Zurugops's Assorted Antiques.
  5535 | D:6      | Reached skill level 13 in Axes
  5698 | D:6      | Found a hazy altar of Hepliaklqana.
  6181 | D:6      | Found a sparkling altar of Nemelex Xobeh.
  6352 | D:7      | Noticed Joseph
  6358 | D:7      | HP: 2/64 [Joseph/sling bullet (5)]
  6537 | D:7      | Killed Joseph
  6538 | D:7      | Reached skill level 14 in Axes
  6538 | D:7      | Reached XP level 9. HP: 29/70 MP: 8/8
  6874 | D:7      | Found a staircase to the Ecumenical Temple.
  6910 | D:7      | HP: 2/105 [gnoll/+0 halberd[a gnoll bouda] (7)]
  7168 | Temple   | Entered the Ecumenical Temple
  7275 | Temple   | Became a worshipper of Gozag Ym Sagoz the Greedy
  7438 | D:7      | Reached skill level 15 in Axes
  7500 | D:7      | HP: 2/70 [poisoned by a gnoll]
  7501 | D:7      | Succumbed to a gnoll's poison

Illustrated notes

Levels and vault maps discovered:
D:1:      dpeg_arrival_pond, layout_basic
D:2:      minmay_roachtagon, layout_basic, minmay_domino_4
D:3:      layout_rooms, old_standard_altar, mainiacjoe_overflow_paths,
          minmay_overflow_temple_star_quad, gup_sewer_entry_glass
D:4:      layout_basic, ebering_ghost_rock_garden, corexii_corridor_pit
D:5:      layout_rooms, grunt_dithmenos_smoke, chequers_jeans,
          minmay_misc_feat_enclosed, kennysheep_crisscross,
          uniq_crazy_yiuf_cottage
D:6:      cheibrodos_steamvent, layout_gridville, kennysheep_little_box,
          nemelex_dance_club_becter, serial_shops, shop
D:7:      kennysheep_seaside_town, layout_cave_pools,
          minmay_temple_entry_enclosed_plants, grunt_decor_cap,
          kennysheep_generic_room_11, uniq_joseph
Temple:   compressed_dpeg_circular_temple

Skill      XL: |  1  2  3  4  5  6  7  8  9 |
---------------+----------------------------+-----
Axes           | 4 5 6 7 8 9 11 14 15 | 15.4
Fighting       | |  3.6
Dodging        | |  3.2

Action                     |  1- 3 |  4- 6 |  7- 9 || total
---------------------------+-------+-------+-------++-------
  Melee: Hand axe          |    72 |       |       ||    72
         Headbutt          |    12 |     9 |    39 ||    60
         War axe           |    10 |    85 |   141 ||   236
  Evoke: Wand              |       |     7 |    14 ||    21
    Use: Scroll            |       |     8 |     9 ||    17
         Potion            |       |     1 |     9 ||    10
 Armour: Robe              |    37 |       |       ||    37
         Chain mail        |       |    80 |   171 ||   251
         Skin              |       |       |    85 ||    85
  Dodge: Dodged            |    44 |    47 |    80 ||   171

Table legend: (Time is in decaauts)
 A = Elapsed time spent in this place.
 B = Non-inter-level travel time spent in this place.
 C = Inter-level travel time spent in this place.
 D = Time resting spent in this place.
 E = Time spent auto-exploring this place.
 F = Levels seen in this place.
 G = Mean time per level.
                   A        B        C        D        E       F      G
               +--------+--------+--------+--------+--------+-----+--------+
         Total |   7612 |   7335 |    277 |   1485 |   4818 |   9 |  845.8 |
       Dungeon |   6611 |   6355 |    256 |   1358 |   4215 |   7 |  944.4 |
        Temple |    128 |    107 |     21 |      0 |      0 |   1 |  128.0 |
         Sewer |    872 |    872 |      0 |    127 |    602 |   1 |  872.0 |
               +--------+--------+--------+--------+--------+-----+--------+

Top non-repeatable levels by time:
     D:6: 1300 daAuts
     D:5: 1121 daAuts
     D:4: 1006 daAuts
     D:2: 912 daAuts
     D:1: 885 daAuts
   Sewer: 872 daAuts
     D:7: 845 daAuts
     D:3: 539 daAuts
  Temple: 128 daAuts
